 Dungeon Crawl Stone Soup version 0.28-a0-385-g79de503ca0 (webtiles) character file.

Game seed: 3926820526798757110

2757 Malachi the Carver (level 9, -5/81 HPs)
             Began as a Minotaur Fighter on Sept 3, 2021.
             Was a Follower of Qazlal.
             Slain by a gnoll sergeant (10 damage)
             ... on level 7 of the Dungeon.
             The game lasted 00:09:28 (4829 turns).

Malachi the Carver (Minotaur Fighter)               Turns: 4829, Time: 00:09:30

Health: -5/81      AC:  5    Str: 23    XL:     9   Next: 41%
Magic:  9/9        EV: 12    Int:  5    God:    Qazlal [*.....]
Gold:   261        SH:  7    Dex: 11    Spells: 8/8 levels left

rFire   . . .      SeeInvis .   a - +0 long sword
rCold   . . .      Faith    .   c - +0 buckler
rNeg    + . .      Spirit   .   w - +0 troll leather armour {Purgy}
rPois   +          Reflect  .   (helmet restricted)
rElec   .          Harm     .   (no cloak)
rCorr   .          Rampage  .   (no gloves)
Will    .....                   (no boots)
Stlth   +.........              i - amulet of regeneration
HPRegen 2.23/turn               q - ring of poison resistance
MPRegen 0.11/turn               e - ring of Symmetry {rN+ Slay+3}

@: lethally poisoned (-5 -> -5)
A: horns 2, retaliatory headbutt
a: Renounce Religion


You were on level 7 of the Dungeon.
You worshipped Qazlal.
Qazlal was aware of your devotion.
You visited 2 branches of the dungeon, and saw 8 of its levels.

You collected 261 gold pieces.

Inventory:

Hand Weapons
 a - a +0 long sword (weapon)
 v - a +1 whip of freezing
Missiles
 h - 5 curare-tipped darts (quivered)
 z - 11 poisoned darts
Armour
 c - a +0 buckler (worn)
 w - a +0 troll leather armour (worn) {Purgy}
 B - a +0 scale mail of fire resistance
Jewellery
 e - the ring of Symmetry (right hand) {rN+ Slay+3}
   (You acquired it on level 6 of the Dungeon)

   [ring of positive energy]

   Slay:      It affects your accuracy & damage with ranged weapons and melee
   (+3).
   rN:        It protects you from negative energy.
 i - an amulet of regeneration (around neck)
 q - a ring of poison resistance (left hand)
 y - an amulet of faith
Wands
 b - a wand of flame (12)
Scrolls
 f - 3 scrolls of magic mapping
 n - 3 scrolls of teleportation
 p - a scroll of noise {unknown}
 r - 3 scrolls of amnesia
 s - 3 scrolls of vulnerability
 t - 4 scrolls of enchant armour
 A - a scroll of blinking {unknown}
Potions
 d - a potion of might
 g - a potion of berserk rage {unknown}
 j - 4 potions of curing
 k - a potion of lignification {unknown}
 m - a potion of degeneration {unknown}
 o - a potion of cancellation {unknown}
 u - 4 potions of brilliance {unknown}
 x - 2 potions of resistance {unknown}


   Skills:
 + Level 7.8 Fighting
 + Level 9.7 Long Blades
 + Level 7.7 Armour
 + Level 4.2 Dodging
 - Level 0.2 Stealth
 - Level 6.4 Shields
 * Level 1.4 Invocations


You had 8 spell levels left.
You didn't know any spells.
Your spell library contained the following spells:

 Spells                   Type           Power      Damage    Failure   Level
 Fireball                 Conj/Fire      0%         3d3       100%        5
 Starburst                Conj/Fire      0%         6d3       100%        6
 Ignition                 Fire           0%         3d3       100%        8


Dungeon Overview and Level Annotations

Branches:
Dungeon (7/15)             Temple (1/1) D:5

Altars:
Ashenzari
Cheibriados
Dithmenos
Elyvilon
Fedhas
Gozag
Hepliaklqana
Kikubaaqudgha
Makhleb
Nemelex Xobeh
Okawaru
Qazlal
Ru
Sif Muna
Trog
Uskayaw
Vehumet
Wu Jian
Xom
Yredelemnul
Zin
The Shining One

Shops:
D:1 ?(   D:3 *   D:4 :   D:6 !


Innate Abilities, Weirdness & Mutations

You have a pair of horns on your head.
You reflexively headbutt those who attack you in melee.


Message History

The gnoll is severely wounded.
You feel very sick. The gnoll hits you with a +0 club. The gnoll misses you.
You slash the gnoll!
You kill the gnoll!
Qazlal accepts your kill.
You feel sick. You block the gnoll's attack.
You feel very sick. The gnoll completely misses you. You furiously retaliate!
You headbutt the gnoll! You block the gnoll sergeant's attack.
Things that are here:
a +0 club; 26 stones; a gnoll corpse The gnoll shouts!
You hit the gnoll but do no damage.
The gnoll is almost dead.
You feel sick. The gnoll closely misses you.
You slash the gnoll!
You kill the gnoll!
Qazlal accepts your kill.
You feel sick.
The gnoll sergeant hits you from afar with a +2 vorpal trident!
You feel sick.
The gnoll sergeant hits you with a +2 vorpal trident!
The gnoll closely misses you.
You see here a +1 halberd of venom.
You hit the gnoll sergeant but do no damage.
You feel sick. You block the gnoll sergeant's attack.
You slash the gnoll sergeant!
The gnoll sergeant is moderately wounded.
You feel sick.
The gnoll hits you from afar with a +0 halberd.
The gnoll sergeant hits you with a +2 vorpal trident!
* * * LOW HITPOINT WARNING * * *
x2 You hit the gnoll sergeant.
You headbutt the gnoll sergeant!
The gnoll sergeant is almost dead.
You feel sick.
The gnoll hits you from afar with a +0 halberd!
* * * LOW HITPOINT WARNING * * *
The gnoll sergeant hits you with a +2 vorpal trident!
You die...

##.#.###
......#
.....
#.......#
...
#.......# ##
#)#
#.......# #.
#g#
#.......# #.
#g#
#.......# #.
#g#
#.......# #.
#@#
#.......# #.
#)#
#......># #.
#.#
#......####.
#.#
#.###.......
#.# #.#
#.#####. #.#
#.# #.#####.
#.#####.#
#.......
#.......#
########
#########


You could see a gnoll sergeant and 2 gnolls.

Vanquished Creatures
  Pikel (D:4)
  Duvessa (D:4)
  A water moccasin (D:4)
  A sky beast (D:6)
  Purgy (D:4)
  An orc warrior (D:6)
  A black bear (D:4)
  An ice beast (D:5)
  A centaur (D:7)
  A necrophage (D:3)
  A phantom (D:5)
  A kobold brigand (D:5)
  A gnoll sergeant (D:5)
  2 scorpions
  Dowan (D:4)
  A bullfrog zombie (D:7)
  2 orc priests
  Crazy Yiuf (D:5)
  5 hounds
  3 jellies
  A bullfrog skeleton (D:6)
  A centaur skeleton (D:6)
  Terence (D:2)
  Natasha (thrice) (D:3)
  4 iguanas
  6 orc wizards
  A hound skeleton (D:3)
  A howler monkey zombie (D:6)
  6 adders
  8 gnolls
  A shadow imp (D:6)
  A white imp (D:6)
  An adder zombie (D:5)
  2 adder skeletons (D:4)
  2 dart slugs (D:1)
  15 orcs
  5 ball pythons
  9 bats
  7 endoplasms
  5 giant cockroaches
  6 hobgoblins
  12 jackals
  3 quokkas
  6 frilled lizards
  9 goblins
  12 kobolds
  6 rats
162 creatures vanquished.

Vanquished Creatures (others)
  An orc wizard (D:4)
1 creature vanquished.

Grand Total: 163 creatures vanquished

Notes
Turn   | Place    | Note
-------+----------+-------------------------------------------
     0 | D:1      | Malachi the Minotaur Fighter began the quest for the Orb.
     0 | D:1      | Reached XP level 1. HP: 19/19 MP: 0/0
    94 | D:1      | Found Meraem's Magic Scroll Boutique.
   103 | D:1      | Reached XP level 2. HP: 27/27 MP: 1/1
   143 | D:1      | Found Ewuggosk's Antique Weapon Emporium.
   219 | D:1      | Reached XP level 3. HP: 25/33 MP: 2/2
   620 | D:2      | Found a faded altar of an unknown god.
   662 | D:2      | Noticed Terence
   670 | D:2      | Killed Terence
   671 | D:2      | Reached skill level 3 in Long Blades
   671 | D:2      | Reached XP level 4. HP: 39/41 MP: 3/3
   726 | D:2      | Found a broken altar of Ashenzari.
  1203 | D:3      | Noticed Natasha
  1213 | D:3      | Reached skill level 1 in Dodging
  1217 | D:3      | Killed Natasha
  1218 | D:3      | Reached XP level 5. HP: 47/47 MP: 4/4
  1426 | D:3      | Noticed Natasha
  1443 | D:3      | Killed Natasha
  1517 | D:3      | Reached skill level 4 in Long Blades
  1536 | D:3      | Reached skill level 5 in Armour
  1549 | D:3      | Reached XP level 6. HP: 35/55 MP: 5/5
  1809 | D:3      | Found an ancient bone altar of Kikubaaqudgha.
  1825 | D:3      | Noticed Natasha
  1834 | D:3      | Killed Natasha
  1870 | D:3      | Found Onyabuy's Assorted Antiques.
  1952 | D:3      | Reached skill level 5 in Fighting
  2038 | D:4      | Noticed Pikel
  2057 | D:4      | Killed Pikel
  2058 | D:4      | Reached skill level 6 in Long Blades
  2058 | D:4      | Reached skill level 5 in Shields
  2058 | D:4      | Reached XP level 7. HP: 46/62 MP: 6/6
  2120 | D:4      | Reached XP level 8. HP: 60/70 MP: 7/7
  2139 | D:4      | Found Eblufae's Book Boutique.
  2187 | D:4      | Noticed Duvessa
  2192 | D:4      | Noticed Dowan
  2207 | D:4      | Killed Duvessa
  2208 | D:4      | Reached skill level 7 in Long Blades
  2222 | D:4      | Killed Dowan
  2319 | D:4      | Noticed Purgy
  2337 | D:4      | Killed Purgy
  2560 | D:5      | Entered Level 5 of the Dungeon
  2560 | D:5      | Found a staircase to the Ecumenical Temple.
  2783 | D:5      | Reached skill level 8 in Long Blades
  2838 | Temple   | Entered the Ecumenical Temple
  2886 | Temple   | Became a worshipper of Qazlal Stormbringer
  3142 | D:5      | Reached skill level 9 in Long Blades
  3142 | D:5      | Reached XP level 9. HP: 52/79 MP: 8/8
  3262 | D:5      | Found a runed translucent door.
  3263 | D:5      | Noticed Crazy Yiuf
  3546 | D:5      | Killed Crazy Yiuf
  3741 | D:6      | Reached * piety under Qazlal
  4036 | D:6      | Reached skill level 1 in Invocations
  4105 | D:6      | Found Tohiown's Distillery.
  4131 | D:6      | Identified a scroll of acquirement
  4133 | D:6      | Acquired the ring of Symmetry {rN+ Slay+3}
  4144 | D:6      | Identified the +1 leather armour of the End {Str+6}
  4829 | D:7      | Slain by a gnoll sergeant

Illustrated notes

Levels and vault maps discovered:
D:1:      dpeg_arrival_lava_temple_mockup, layout_rooms, serial_shops, shop,
          nicolae_shop_trees, glass_columns_a
D:2:      layout_rooms, basic_altar, ebering_ecumenical_altar_sacrificial,
          uniq_terence
D:3:      cheibrodos_pilgrimage, layout_loops_corners,
          nicolae_overflow_crystal_walls, serial_shops, shop,
          kennysheep_generic_room_5, uniq_natasha
D:4:      layout_rooms, serial_shops, nicolae_shop_waterfront, uniq_purgy,
          uniq_pikel, uniq_duvessa
D:5:      layout_loops_ring, minmay_temple_entry_statues,
          corexii_hall_statues_u, uniq_crazy_yiuf_cottage
D:6:      layout_cave_pods, serial_shops, nicolae_shop_behind_doors
D:7:      layout_basic
Temple:   dpeg_three_leaves_temple

Skill      XL: |  1  2  3  4  5  6  7  8  9 |
---------------+----------------------------+-----
Armour         | 4 5 6 7 |  7.7
Fighting       | 4 5 7 |  7.8
Shields        | 4 5 6 |  6.4
Long Blades    | 3 4 6 9 |  9.7
Dodging        | 1 2 3 4 |  4.2
Invocations    | 1 |  1.4
Stealth        | |  0.2

Action                   |  1- 3 |  4- 6 |  7- 9 || total
-------------------------+-------+-------+-------++-------
Melee: Long sword        |    62 |   143 |   243 ||   448
       Headbutt          |    11 |    22 |    66 ||    99
  Use: Scroll            |       |       |     7 ||     7
Armor: Scale mail        |    32 |    53 |    34 ||   119
       Troll leather arm |       |       |    32 ||    32
Dodge: Dodged            |    28 |    65 |   103 ||   196
Block: Buckler           |    11 |    37 |    57 ||   105

Table legend: (Time is in decaauts)
 A = Elapsed time spent in this place.
 B = Non-inter-level travel time spent in this place.
 C = Inter-level travel time spent in this place.
 D = Time resting spent in this place.
 E = Time spent auto-exploring this place.
 F = Levels seen in this place.
 G = Mean time per level.
                   A        B        C        D        E       F      G
               +--------+--------+--------+--------+--------+-----+--------+
         Total |   4870 |   4653 |    217 |      0 |   3509 |   8 |  608.8 |
       Dungeon |   4811 |   4603 |    208 |      0 |   3509 |   7 |  687.3 |
        Temple |     58 |     49 |      9 |      0 |      0 |   1 |   58.0 |
               +--------+--------+--------+--------+--------+-----+--------+

Top non-repeatable levels by time:
     D:5: 1021 daAuts
     D:3: 967 daAuts
     D:6: 886 daAuts
     D:1: 549 daAuts
     D:2: 547 daAuts
     D:4: 544 daAuts
     D:7: 294 daAuts
  Temple: 58 daAuts
